 Dungeon Crawl Stone Soup version 0.28-a0-1339-ga5422284a4 (webtiles) character file.

Game seed: 11222624252640301310

921 rocketpapaya the Cleaver (level 8, -1/46 HPs)
             Began as a Gargoyle Fighter on Dec 29, 2021.
             Hit by a boomerang thrown by an orc warrior (3 damage)
             ... on level 5 of the Dungeon.
             The game lasted 00:09:32 (5940 turns).

rocketpapaya the Cleaver (Gargoyle Fighter)         Turns: 5940, Time: 00:09:33

Health: -1/46      AC: 18    Str: 21    XL:     8   Next: 10%
Magic:  8/8        EV:  6    Int: 10    God:
Gold:   283        SH:  5    Dex: 16    Spells: 7/7 levels left

rFire   . . .      SeeInvis .   a - +1 war axe
rCold   . . .      Faith    .   c - +0 buckler
rNeg    + . .      Spirit   .   f - +0 plate armour
rPois   ∞          Reflect  .   (no helmet)
rElec   +          Harm     .   (no cloak)
rCorr   .          Rampage  .   t - +0 pair of gloves of the Fletcher {rPois Dex+7 Stlth+}
Will    .....                   (no boots)
Stlth   ..........              (no amulet)
HPRegen 0.15/turn               (no ring)
MPRegen 0.11/turn               (no ring)

@: no status effects
A: sickness immunity, AC +5, negative energy resistance 1, electricity
resistance, torment resistance 1, petrification resistance
a: no special abilities


You were on level 5 of the Dungeon.
You visited 1 branch of the dungeon, and saw 5 of its levels.
You also visited: Sewer.

You collected 283 gold pieces.

Inventory:

Hand Weapons
 a - a +1 war axe (weapon)
Armour
 c - a +0 buckler (worn)
 f - a +0 plate armour (worn)
 t - the +0 pair of gloves of the Fletcher (worn) {rPois Dex+7 Stlth+}
   (You found it on level 4 of the Dungeon)

   Dex:       It affects your dexterity (+7).
   rPois:     It protects you from poison.
   Stlth:     It makes you more stealthy.
Scrolls
 g - 2 scrolls of teleportation
 n - a scroll of fog
Potions
 h - a potion of resistance
 m - a potion of curing {unknown}
 r - a potion of mutation {unknown}
 s - 2 potions of heal wounds


   Skills:
 - Level 3.5 Fighting
 + Level 8.2 Axes
 - Level 3.5 Armour
 - Level 3.5 Shields


You had 7 spell levels left.
You didn't know any spells.
Your spell library contained the following spells:

 Spells                   Type           Power      Damage    Failure   Level
 Animate Skeleton         Necr           0%         N/A       100%        1
 Freeze                   Ice            0%         1d3       100%        1
 Pain                     Necr           0%         1d4       100%        1
 Sandblast                Erth           0%         2d4       100%        1
 Blink                    Tloc           0%         N/A       100%        2
 Passwall                 Tmut/Erth      0%         N/A       100%        2
 Call Canine Familiar     Summ           0%         N/A       100%        3
 Frozen Ramparts          Ice            0%         1d2       100%        3
 Portal Projectile        Hex/Tloc       0%         N/A       100%        3
 Stone Arrow              Conj/Erth      0%         3d7       100%        3
 Vampiric Draining        Necr           0%         2d6       100%        3
 Hailstorm                Conj/Ice       0%         3d3       100%        4
 Leda's Liquefaction      Hex/Erth       0%         N/A       100%        4
 Petrify                  Tmut/Erth      0%         N/A       100%        4
 Irradiate                Conj/Tmut      0%         3d14      100%        5
 Manifold Assault         Tloc           0%         N/A       100%        5
 Storm Form               Tmut/Air       0%         N/A       100%        7
 Sublimation of Blood     Necr           Unusable   N/A       N/A         2

Dungeon Overview and Level Annotations

Branches:
Dungeon (5/15)              Sewer (visited)
 Temple: D:4-7

Altars:

Shops:
D:2 =   D:4 [

Annotations:
D:3 3 runed translucent doors, Adrian566's ghost, weakling OpFi
D:4 Edmund


Innate Abilities, Weirdness & Mutations

You are immune to sickness and miasma.
Your stone body is resilient. (AC +5)
You are immune to poison.
You resist negative energy. (rN+)
You are resistant to electric shocks. (rElec)
You are resistant to unholy torment.
You are immune to petrification.


Message History

You closely miss the adder.
The adder is heavily wounded.
You barely miss the gnoll. The adder barely misses you.
The gnoll hits you but does no damage.
You closely miss the adder.
The adder is heavily wounded.
You slash the gnoll! The adder bites you but does no damage.
You block the gnoll's attack. The adder bites you but does no damage.
You slash the adder!
You kill the adder!
You hit the gnoll but do no damage. The gnoll hits you but does no damage.
You hit the gnoll.
You kill the gnoll!
You start resting.
HP restored.
You see here a +0 whip.
There is a stone staircase leading down here.
You climb downwards.
There is a stone staircase leading up here.
An orc priest comes into view. It is wielding a +0 club.
The orc priest shouts!
You hear a shout!
The orc warrior shouts!
An orc comes into view. It is wielding a +0 hand axe.
The orc warrior hits you with a +3 battleaxe!
You closely miss the orc warrior.
The orc warrior hits you with a +3 battleaxe.
You hit the orc warrior but do no damage.
The orc warrior hits you with a +3 battleaxe!
* * * LOW HITPOINT WARNING * * *
You slash the orc priest!
The orc priest is heavily wounded.
You hit the orc warrior but do no damage.
The orc warrior hits you with a +3 battleaxe!
* * * LOW HITPOINT WARNING * * *
The orc priest hits you but does no damage.
You slice the orc priest!!
You kill the orc priest!
You hit the orc warrior but do no damage.
You see here a +0 club.
The orc warrior throws a boomerang.
The boomerang hits you.
You die...

# #.#########.#
.#..<.....o..
####.###..###.####
#.........# # #
#o##.###.##
#.##o##..#..
#.......#.#.
####@######. #.#
#. #.### #...#
#...# #..<# ##.##
#.# #.#


You could see an orc warrior and an orc.

Vanquished Creatures
  Menkaure (D:4)
  An ogre (D:4)
  Blork the orc (D:4)
  3 kobold brigands
  A jelly (D:4)
  An orc priest (D:5)
  A bullfrog skeleton (D:4)
  7 gnolls (D:4)
  3 river rats (Sewer)
  8 adders
  An ufetubus (D:5)
  A worm (D:2)
  A dart slug (D:4)
  14 ball pythons
  7 endoplasms
  3 giant cockroaches
  7 goblins
  12 hobgoblins
  15 jackals
  57 kobolds
  6 quokkas
  7 bats
  6 frilled lizards
  29 rats
193 creatures vanquished.

Vanquished Creatures (others)
  10 plants (Sewer)
10 creatures vanquished.

Grand Total: 203 creatures vanquished

Notes
Turn   | Place    | Note
-------+----------+-------------------------------------------
     0 | D:1      | rocketpapaya the Gargoyle Fighter began the quest for the
                  | Orb.
     0 | D:1      | Reached XP level 1. HP: 14/14 MP: 1/1
   101 | D:1      | Reached XP level 2. HP: 8/19 MP: 2/2
   297 | D:1      | Reached skill level 2 in Axes
   792 | D:1      | Reached XP level 3. HP: 23/23 MP: 3/3
  1308 | D:1      | Found a faded altar of an unknown god.
  1594 | D:2      | Reached skill level 3 in Axes
  1844 | D:2      | Reached XP level 4. HP: 24/28 MP: 4/4
  2112 | D:2      | Found Tuarhet's Jewellery Boutique.
  2725 | D:3      | Noticed Adrian566's ghost (weakling OpFi)
  2853 | D:3      | Found a runed translucent gate.
  2853 | D:3      | Found a runed translucent gate.
  2854 | D:3      | Found a runed translucent gate.
  3143 | D:4      | Reached skill level 4 in Axes
  3190 | D:4      | Reached XP level 5. HP: 17/32 MP: 5/5
  3415 | D:4      | Found a glowing drain.
  3419 | Sewer    | Entered a sewer
  3853 | Sewer    | Reached skill level 5 in Axes
  3899 | Sewer    | Noticed a kobold brigand
  3922 | Sewer    | Killed a kobold brigand
  3923 | Sewer    | Reached XP level 6. HP: 31/37 MP: 6/6
  4345 | D:4      | Noticed Menkaure
  4350 | D:4      | Reached skill level 6 in Axes
  4351 | D:4      | Killed Menkaure
  4352 | D:4      | Reached XP level 7. HP: 33/41 MP: 7/7
  4452 | D:4      | Found Veper's Armour Emporium.
  5037 | D:4      | Reached skill level 7 in Axes
  5188 | D:4      | Identified the +0 pair of gloves of the Fletcher {rPois
                  | Dex+7 Stlth+}
  5610 | D:5      | Entered Level 5 of the Dungeon
  5610 | D:5      | Noticed Edmund
  5690 | D:5      | Noticed Blork the orc
  5702 | D:4      | Killed Blork the orc
  5703 | D:4      | Reached skill level 8 in Axes
  5703 | D:4      | Reached XP level 8. HP: 31/46 MP: 8/8
  5936 | D:5      | HP: 1/46 [orc warrior (9)]
  5940 | D:5      | Hit by a boomerang thrown by an orc warrior

Illustrated notes

Levels and vault maps discovered:
D:1:      noname_arrival_rooms_in_the_neighbourhood, layout_loops_ring,
          basic_ecumenical_altar
D:2:      layout_loops_cross, serial_shops, shop
D:3:      layout_loops_cross, gammafunk_ghost_split, minmay_statues_item,
          minmay_cupped
D:4:      minmay_goblin_kobold_castle, layout_loops_ring, serial_shops,
          nicolae_inconvenience_store, gup_sewer_entry_bowl, minmay_rat_hole,
          uniq_menkaure
D:5:      layout_loops_cross, guppyfry_shop_venom, uniq_blork_the_orc,
          uniq_edmund

Skill      XL: |  1  2  3  4  5  6  7 |
---------------+----------------------+-----
Axes           | 2 3 4 5 6 8 |  8.2
Fighting       | |  3.5
Armour         | |  3.5
Shields        | |  3.5

Action                   |  1- 3 |  4- 6 |  7- 9 || total
-------------------------+-------+-------+-------++-------
Melee: War axe           |   138 |   230 |   169 ||   537
  Use: Potion            |       |     1 |     3 ||     4
       Scroll            |       |       |     8 ||     8
Armor: Scale mail        |    44 |       |       ||    44
       Plate armour      |    44 |   222 |   124 ||   390
Dodge: Dodged            |    46 |    91 |    45 ||   182
Block: Buckler           |    32 |    41 |    38 ||   111

Table legend: (Time is in decaauts)
 A = Elapsed time spent in this place.
 B = Non-inter-level travel time spent in this place.
 C = Inter-level travel time spent in this place.
 D = Time resting spent in this place.
 E = Time spent auto-exploring this place.
 F = Levels seen in this place.
 G = Mean time per level.
                   A        B        C        D        E       F      G
               +--------+--------+--------+--------+--------+-----+--------+
         Total |   6193 |   6041 |    152 |    670 |   4142 |   6 | 1032.2 |
       Dungeon |   5292 |   5140 |    152 |    591 |   3513 |   5 | 1058.4 |
         Sewer |    901 |    901 |      0 |     79 |    628 |   1 |  901.0 |
               +--------+--------+--------+--------+--------+-----+--------+

Top non-repeatable levels by time:
     D:4: 2007 daAuts
     D:1: 1539 daAuts
     D:2: 921 daAuts
   Sewer: 901 daAuts
     D:3: 762 daAuts
     D:5: 62 daAuts
